 Dungeon Crawl Stone Soup version 0.28.0-62-gf88900778d (webtiles) character file.

Game seed: 7444579553623106523

1044 Froggeryz the Cudgeller (level 8, -11/58 (63) HPs)
             Began as a Demonspawn Gladiator on Jan 29, 2024.
             Was a Follower of Okawaru.
             Mangled by a wight
             ... wielding a +1 battleaxe
              (13 damage)
             ... on level 5 of the Dungeon.
             The game lasted 00:05:54 (8046 turns).

Froggeryz the Cudgeller (Demonspawn Gladiator)      Turns: 8046, Time: 00:05:54

HP:   -11/58 (63)   AC: 11    Str: 16    XL:     8   Next: 4%
MP:   8/8           EV: 12    Int: 10    God:    Okawaru [*.....]
Gold: 168           SH:  4    Dex: 15    Spells: 7/7 levels left

rFire   + . .      SeeInvis .   a - +0 flail
rCold   + . .      Faith    .   (no shield)
rNeg    . . .      Spirit   .   b - +0 leather armour
rPois   .          Reflect  .   j - +2 hat
rElec   .          Harm     .   f - scarf {rC+ rF+}
rCorr   .          Rampage  .   (no gloves)
Will    .....                   (no boots)
Stlth   +.........              (no amulet)
HPRegen 0.19/turn               (no ring)
MPRegen 0.11/turn               (no ring)

@: drained
A: slimy green scales 1, icemail 1, condensation shield, demonic magic 1
a: Renounce Religion, Heroism


You were on level 5 of the Dungeon.
You worshipped Okawaru.
Okawaru was aware of your devotion.
You visited 1 branch of the dungeon, and saw 6 of its levels.

You collected 192 gold pieces.
You spent 24 gold pieces at shops.

Inventory:

Hand Weapons
 a - a +0 flail (weapon)
Missiles
 c - 2 atropa-tipped darts (quivered)
 d - 5 throwing nets
 e - 13 poisoned darts
Armour
 b - a +0 leather armour (worn)
 f - a scarf of resistance (worn)
 j - a +2 hat (worn)
Wands
 m - a wand of digging (8)
 u - a wand of acid (15)
 x - a wand of iceblast (17)
Scrolls
 h - a scroll of magic mapping {unknown}
 o - a scroll of immolation {unknown}
 q - a scroll of enchant armour {unknown}
 t - a scroll of fog
 v - a scroll of blinking {unknown}
 y - a scroll of identify
 z - a scroll of teleportation
Potions
 g - 4 potions of curing
 i - a potion of invisibility
 k - a potion of degeneration {unknown}
 l - 2 potions of resistance {unknown}
 n - a potion of might {unknown}
 p - a potion of flight {unknown}
 r - a potion of lignification {unknown}
 s - a potion of mutation {unknown}
 w - 2 potions of heal wounds {unknown}


   Skills:
 + Level 5.4 Fighting
 * Level 7.2 Maces & Flails
 - Level 1.7 Throwing
 - Level 2.2 Armour
 - Level 2.6 Dodging


You had 7 spell levels left.
You didn't know any spells.
Your spell library contained the following spells:

 Spells                   Type           Power      Damage    Failure   Level
 Magic Dart               Conj           0%         1d3       43%         1
 Ensorcelled Hibernation  Hex/Ice        0%         N/A       56%         2
 Passwall                 Tmut/Erth      0%         N/A       56%         2
 Gell's Gravitas          Tloc           0%         N/A       80%         3
 Mephitic Cloud           Conj/Pois/Air  0%         N/A       80%         3
 Swiftness                Air            0%         N/A       80%         3
 Teleport Other           Tloc           0%         N/A       80%         3
 Fulminant Prism          Conj/Hex       0%         3d6       99%         4
 Iskenderun's Mystic Bla  Conj/Tloc      0%         2d3       99%         4
 Lee's Rapid Deconstruct  Erth           0%         3d5*      100%        5
 Dispersal                Tloc           0%         N/A       100%        6
 Call Imp                 Summ           Unusable   N/A       N/A         2

Dungeon Overview and Level Annotations

Branches:
Dungeon (6/15)             Temple (0/1) D:4

Altars:
Cheibriados
Hepliaklqana
Kikubaaqudgha
Okawaru

Shops:
D:6 ?


Innate Abilities, Weirdness & Mutations

You are partially covered in slimy green scales. (AC +2)
A meltable icy envelope protects you from harm. (AC +4)
A meltable shield of frost defends you. (SH +4)
Spells you cast may paralyse adjacent enemies.


Message History

There is an open door here.
There is an open door here.
There is a stone staircase leading up here.
The wight hits you with a +1 battleaxe!
* * * LOW HITPOINT WARNING * * *
You climb upwards.
There is a stone staircase leading down here.
You barely miss the wight. The wight hits you but does no damage.
You closely miss the wight. The wight barely misses you.
You completely miss the wight. The wight barely misses you.
You hit the wight.
The wight is lightly damaged.
The wight hits you but does no damage.
You closely miss the wight.
The wight is lightly damaged.
The wight misses you.
You barely miss the wight.
The wight is lightly damaged.
The wight closely misses you.
You hit the wight but do no damage.
The wight is lightly damaged.
The wight hits you with a +1 battleaxe.
* * * LOW HITPOINT WARNING * * *
You feel drained.
You hit the wight.
The wight is lightly damaged.
The wight hits you with a +1 battleaxe!
* * * LOW HITPOINT WARNING * * *
You feel drained.
* * * LOW HITPOINT WARNING * * *
You hit the wight.
The wight is moderately damaged.
You block the wight's attack.
You barely miss the wight.
The wight is moderately damaged.
The wight closely misses you.
You hit the wight.
The wight is severely damaged.
The wight hits you with a +1 battleaxe!
You die...

#############
#...........#
#...........#
#..###.###..#
#..#.....#..#
#..#.....#..#
#.....z@....#
#..#.....#..#
#..#.....#..#
##..###[###..#
######...........##
#....#.#######.###
#....#.#.....#.#
#....#.#.###.#.#
#....#.#.#<#.#.#


You could see a wight.

Vanquished Creatures
  2 ice beasts
  A phantom (D:4)
  2 scorpions
  A wight (D:6)
  5 hounds
  A gnoll shaman (D:6)
  A bullfrog skeleton (D:4)
  6 iguanas
  An orc wizard (D:3)
  A killer bee zombie (D:6)
  9 gnolls
  3 adders
  A shadow imp (D:5)
  A worm (D:5)
  7 dart slugs
  10 orcs
  5 endoplasms
  6 giant cockroaches
  4 goblins
  7 hobgoblins
  3 jackals (D:2)
  7 kobolds
  3 quokkas
  7 ball pythons
  3 bats
  6 frilled lizards
  A rat (D:1)
  A spectral hobgoblin (D:3)
105 creatures vanquished.

Notes
Turn   | Place    | Note
-------+----------+-------------------------------------------
     0 | D:1      | Froggeryz the Demonspawn Gladiator began the quest for the
                  | Orb.
     0 | D:1      | Reached XP level 1. HP: 16/16 MP: 1/1
    40 | D:1      | You fall into a shaft and drop 1 floor!
   247 | D:2      | Reached skill level 3 in Maces & Flails
   247 | D:2      | Gained mutation: A meltable shield of frost defends you.
                  | (SH +4) [demonic ancestry]
   247 | D:2      | Reached XP level 2. HP: 18/22 MP: 2/2
   513 | D:1      | Reached skill level 1 in Armour
   653 | D:1      | Gained mutation: You are partially covered in slimy green
                  | scales. (AC +2) [demonic ancestry]
   653 | D:1      | Reached XP level 3. HP: 28/28 MP: 3/3
  2044 | D:3      | Found an iron altar of Okawaru.
  2179 | D:3      | Became a worshipper of Warmaster Okawaru
  2301 | D:3      | Reached XP level 4. HP: 7/34 MP: 4/4
  2323 | D:3      | HP: 1/34 [orc/+0 falchion (6)]
  2776 | D:3      | Found a hazy altar of Hepliaklqana.
  3002 | D:3      | Found an ancient bone altar of Kikubaaqudgha.
  3504 | D:3      | Reached skill level 4 in Maces & Flails
  4005 | D:4      | Reached XP level 5. HP: 36/41 MP: 5/5
  4121 | D:4      | Found a snail-covered altar of Cheibriados.
  5066 | D:4      | Noticed an ice beast
  5305 | D:4      | Gained mutation: A meltable icy envelope protects you from
                  | harm. (AC +4) [demonic ancestry]
  5305 | D:4      | Reached XP level 6. HP: 30/47 MP: 6/6
  5442 | D:4      | Reached skill level 5 in Maces & Flails
  5507 | D:4      | Found a staircase to the Ecumenical Temple.
  6083 | D:4      | Killed an ice beast
  6083 | D:4      | Reached * piety under Okawaru
  6084 | D:4      | Reached XP level 7. HP: 43/54 MP: 7/7
  6367 | D:5      | Entered Level 5 of the Dungeon
  6403 | D:5      | Reached skill level 6 in Maces & Flails
  7055 | D:6      | Reached skill level 5 in Fighting
  7315 | D:6      | Noticed a two-headed ogre
  7388 | D:6      | Found Boiceoho's Magic Scroll Shop.
  7412 | D:6      | Reached skill level 7 in Maces & Flails
  7588 | D:6      | Bought a scroll of fog for 24 gold pieces
  7651 | D:6      | Gained mutation: Spells you cast may paralyse adjacent
                  | enemies. [demonic ancestry]
  7651 | D:6      | Reached XP level 8. HP: 39/62 MP: 8/8
  8043 | D:5      | HP: 1/58 [wight/+1 battleaxe (5)]
  8046 | D:5      | Mangled by a wight

Illustrated notes

Levels and vault maps discovered:
D:1:      amcnicky_arrival_feature_with_door, layout_loops_ring
D:2:      layout_basic, grunt_decor_one_mirror
D:3:      layout_loops_ring, kiku_gazebo_garden_becter,
          nicolae_hepliaklqana_monster_ancestors, mainiacjoe_overflow_boulevard
D:4:      layout_layer_cave, old_standard_altar,
          minmay_temple_entry_glassed_door
D:5:      layout_basic, corexii_hall_statues_u, st_stairs_3
D:6:      layout_loops_corners, tgw_xom, zin_purify, serial_shops, shop

Skill      XL: |  1  2  3  4  5  6  7 |
---------------+----------------------+-----
Maces & Flails | 3 4 5 7 |  7.2
Armour         | 1 2 |  2.2
Fighting       | 3 4 5 |  5.4
Throwing       | |  1.7
Dodging        | |  2.6

Action                   |  1- 3 |  4- 6 |  7- 9 || total
-------------------------+-------+-------+-------++-------
Melee: Flail             |   156 |   192 |   149 ||   497
       Punch             |       |     3 |     3 ||     6
Throw: Dart              |       |     1 |       ||     1
  Use: Scroll            |       |       |     3 ||     3
 Stab: Sleeping          |     3 |       |       ||     3
Armor: Leather armour    |    45 |    62 |    49 ||   156
Dodge: Dodged            |    91 |   132 |    68 ||   291
Block: Other             |    23 |    41 |    28 ||    92
